Match 47113634
Unlisted

Match 47113634
End
Kettenkrad Recon Vehicle
Construct Infanterie Kompanie
MG 42 Machine Gun Team
Grenadier Squad
GrW 34 Mortar Team
Grenadier Squad
Construct Panzergrenadier Kompanie
Medical Station
Support Elements
Nebelwerfer 42 Rocket Launcher Team
StuG III G Assault Gun
Construct Panzer Kompanie
Pioneer Squad
Selects Mechanized Battlegroup
Selects Raid Package
Selects StuG Assault Group
Selects UNKNOWN (2160084)
Stoßtruppen Squad
Panther Heavy Tank
Panther Heavy Tank
Selects Mobile Repair Stations
Selects Wespe Self-propelled Artillery
Stoßtruppen Squad
Stoßtruppen Squad
Panther Heavy Tank
Side Skirts
Selects Zeroing Artillery Barrage
Panther Heavy Tank
Zeroing Artillery Barrage
Pioneer Squad
251 Medium Carrier
Zeroing Artillery Barrage
Panther Heavy Tank
Zeroing Artillery Barrage
Pioneer Squad
Zeroing Artillery Barrage
janplzacihlar_cz
Base rush noobs #
vincent
漂泊的蛋
Steven Stone
qinfuyin
歪咔曲啃(绝地逃兵)
EJRCN
0
0

Comments sign in to comment!

No comments posted yet!